 Dungeon Crawl Stone Soup version 0.17-a0-854-g4a4ba72 (console) character file.

46 sose the Vandal (level 3, 7/22 HPs)
             Began as a Halfling Arcane Marksman on Apr 28, 2015.
             Quit the game on level 3 of the Dungeon.
             The game lasted 00:03:05 (1819 turns).

sose the Vandal (Halfling Arcane Marksman)          Turns: 1819, Time: 00:03:06

Health: 7/22       AC:  2    Str: 11    XL:     3   Next: 95%
Magic:  4/4        EV: 14    Int: 13    God:
Gold:   86         SH:  0    Dex: 13    Spells: 1 memorised, 3 levels left

rFire  . . .     SeeInvis .     a - +0 dagger
rCold  . . .     Clarity  .     h - +0 robe
rNeg   + . .     SustAb   .     (shield restricted)
rPois  .         Gourm    .     (no helmet)
rElec  .         Spirit   .     (no cloak)
rCorr  .         Warding  .     (no gloves)
rMut   .         Stasis   .     (no boots)
MR     .....                    (no amulet)
Stlth  +.........               (no ring)
                                l - ring of positive energy

@: lethally poisoned (7 -> -5), not resistant to hostile enchantments, very
unstealthy
A: mutation resistance 1
a: no special abilities


You were on level 3 of the Dungeon.
You were not hungry.

You visited 1 branch of the dungeon, and saw 3 of its levels.

You collected 86 gold pieces.

Inventory:

Hand weapons
 a - a +0 dagger (weapon)
 b - a +0 hunting sling
Missiles
 c - 15 sling bullets
 i - 5 stones (quivered)
Armour
 h - a +0 robe (worn)
Jewellery
 l - a ring of positive energy (left hand)
Scrolls
 f - a scroll of fear {unknown}
 g - 4 scrolls of identify {unknown}
Potions
 j - a potion of curing {unknown}
 m - a potion of resistance {unknown}
Books
 d - a book of Debilitation

   Spells                             Type                      Level
   a - Corona                         Hexes                        1
   b - Slow                           Hexes                        2
   c - Gell's Gravitas                Hexes/Translocation          3
   d - Inner Flame                    Hexes/Fire                   3
   e - Cause Fear                     Hexes                        4
   f - Leda's Liquefaction            Hexes/Earth                  4
Comestibles
 e - a bread ration
 k - a meat ration
 n - 3 chunks of flesh


   Skills:
 - Level 0.8 Fighting
 + Level 5.7 Slings
 - Level 2.1 Dodging
 - Level 1.0 Spellcasting
 - Level 2.6 Hexes


You had 3 spell levels left.
You knew the following spells:

 Your Spells              Type           Power        Failure   Level  Hunger
a - Corona                Hex            #......      12%         1    ##.....


Dungeon Overview and Level Annotations

Branches:
Dungeon (3/15)

Altars:
Nemelex Xobeh
Qazlal


Innate Abilities, Weirdness & Mutations

You are small and have problems with some larger weapons.
You are somewhat resistant to further mutation.


Message History

The gnoll hits you with a flail of venom!
You are lethally poisoned!
You closely miss the gnoll.
The gnoll is moderately wounded.
You feel sick. The gnoll hits you but does no damage.
You hit the gnoll but do no damage.
The gnoll is moderately wounded.
You feel sick. The gnoll barely misses you.
You closely miss the gnoll.
The gnoll is moderately wounded.
You feel sick.
You hit the gnoll but do no damage.
The gnoll is moderately wounded.
You feel sick. The gnoll misses you.
You hit the gnoll but do no damage.
The gnoll is moderately wounded.
You feel sick. The gnoll closely misses you.
Quiver which item? (- for none, * to show all) (? for menu, Esc to quit)
Okay, then.
Are you sure you want to abandon this character and quit the game? (Confirm with "yes".)

#.....##......)#.##.##.##
####.##.......#........#
#.<...........#.# #..#
#.##.#........#.#. #รท.#
#....#........#.#.. #<.#
###..###........#.#.#(#..#
#.........##.####.#....).#
#.#.......##.####.((....##
#.#.......#.....@g###(###
#.#......[.....##.# #(
#.#.............#.# #.
#...........##..... .
###.........###.#.###
#######....##.#.#
#.#.......# #.##.##.###
#.......#


You could see a gnoll.

Vanquished Creatures
  2 adders (D:2)
  A giant gecko (D:1)
  An orc (D:2)
  4 giant cockroaches
  2 goblins (D:1)
  6 hobgoblins
  A jackal (D:2)
  A kobold (D:3)
  A ball python (D:2)
  4 bats
  2 giant newts
  A quokka (D:3)
  A rat (D:1)
27 creatures vanquished.

Notes
Turn   | Place    | Note
--------------------------------------------------------------
     0 | D:1      | sose, the Halfling Arcane Marksman, began the quest for the Orb.
     0 | D:1      | Reached XP level 1. HP: 12/12 MP: 2/2
   147 | D:1      | Reached skill level 4 in Slings
   147 | D:1      | Reached XP level 2. HP: 16/18 MP: 3/3
   762 | D:2      | Found a sparkling altar of Nemelex Xobeh.
   816 | D:2      | Reached XP level 3. HP: 17/22 MP: 4/4
   829 | D:2      | Reached skill level 5 in Slings
   960 | D:2      | Found a stormy altar of Qazlal.
  1819 | D:3      | Quit the game

Action                   || total
-------------------------++-------
Melee: Dagger            ||    28
 Fire: Hunting sling     ||    95
  Eat: Chunk             ||     3
